 Dungeon Crawl Stone Soup version 0.20.1-1-g8b1a95d66d (webtiles) character file.

910 NullDivider the Sneak (level 8, -1/52 HPs)
             Began as an Octopode Artificer on Dec 4, 2017.
             Was an Initiate of Nemelex Xobeh.
             Slain by Meriano's ghost (8 damage)
             ... on level 5 of the Dungeon.
             The game lasted 00:19:33 (4030 turns).

NullDivider the Sneak (Octopode Artificer)          Turns: 4030, Time: 00:19:33

Health: -1/52      AC:  2    Str: 11    XL:     8   Next: 8%
Magic:  12/12      EV: 15    Int: 13    God:    Nemelex Xobeh [......]
Gold:   213        SH:  0    Dex: 15    Spells: 7/7 levels left

rFire    . . .     SeeInvis .   j - +0 dagger
rCold    . . .     Gourm    .   (no shield)
rNeg     . . .     Faith    .   q - +1 hat
rPois    .         Spirit   .   B - amulet of regeneration
rElec    .         Reflect  .   (no ring)
rCorr    .         Harm     .   (no ring)
MR       .....                  (no ring)
Stlth    +++++.....             (no ring)
Regen    0.6/turn               (no ring)
MPRegen  0.2/turn               (no ring)
                                (no ring)
                                (no ring)

@: lethally poisoned (-1 -> -2)
A: almost no armour, stealthy swim, amphibious, 8 rings, constrict 8, camouflage
1, gelatinous body 1
a: Renounce Religion


You were on level 5 of the Dungeon.
You worshipped Nemelex Xobeh.
Nemelex Xobeh was noncommittal.
You were not hungry.

You visited 2 branches of the dungeon, and saw 6 of its levels.

You collected 213 gold pieces.

Inventory:

Hand Weapons
 j - a +0 dagger (weapon)
Armour
 n - a +0 shield
 q - a +1 hat (worn)
Jewellery
 x - an uncursed amulet of guardian spirit
 B - an amulet of regeneration (around mantle)
Wands
 b - a wand of flame (12/48)
 c - a wand of enslavement (15/24)
 d - a wand of random effects (0/48)
 A - a wand of random effects (6/48)
Scrolls
 a - 2 scrolls of amnesia {unknown}
 e - 7 scrolls of identify
 h - 2 scrolls of recharging {unknown}
 k - 2 scrolls of teleportation {unknown}
 l - a scroll of noise {unknown}
 o - a scroll of immolation {unknown}
 u - 2 scrolls of remove curse {unknown}
 v - a scroll of fear {unknown}
 y - 3 scrolls of fog {unknown}
Potions
 i - a potion of degeneration {unknown}
 p - 2 potions of cancellation {unknown}
 r - a potion of curing
 t - 2 potions of lignification
Miscellaneous
 z - an ornate deck of escape {drawn: 2}
Comestibles
 f - 2 bread rations
 g - a meat ration
 m - 2 royal jellies
 s - 4 fruits
 w - a chunk of flesh


   Skills:
 + Level 3.3 Fighting
 + Level 3.4 Short Blades
 + Level 3.9 Dodging
 * Level 7.7 Stealth
 + Level 5.3 Evocations


You had 7 spell levels left.
You didn't know any spells.

Dungeon Overview and Level Annotations

Branches:
Dungeon (5/15)             Temple (1/1) D:4

Altars:
Cheibriados
Dithmenos
Elyvilon
Fedhas
Gozag
Kikubaaqudgha
Nemelex Xobeh
Okawaru
Ru
Sif Muna
Uskayaw
Vehumet
Xom
Yredelemnul
Zin
The Shining One

Shops:
D:4 (}:(

Annotations:
D:5 Meriano's ghost, novice HuCj


Innate Abilities, Weirdness & Mutations

You cannot wear most types of armour.
You are very stealthy in the water. (Stealth+)
You are amphibious.
You can wear up to eight rings at the same time.
You can use your tentacles to constrict eight enemies at once.
Your skin changes colour to match your surroundings (Stealth+).
Your rubbery body absorbs attacks. (AC +1, EV +1)


Message History

You closely miss something. Something hits you but does no damage.
You are poisoned.
You hit something.
You feel sick.
You hear some strange, mumbled words.
A magic dart appears from out of thin air!
The magic dart hits you!
* * * LOW HITPOINT WARNING * * *
Something hits you but does no damage.
You barely miss something. Something hits you but does no damage.
You miss something.
You feel sick.
You hear some strange, mumbled words.
A magic dart appears from out of thin air!
The magic dart hits you!
* * * LOW HITPOINT WARNING * * *
You completely miss something. Something hits you but does no damage.
You hit something but do no damage.
You feel less wooden.
Your +1 hat unmelds from your body.
Something hits you!
You die...
Your body disappears without a glow.

##..........##...>....
.#...W......##..#####.
#...........##..##...#
##>#.........##..#.....
......................
#.#.........##..#.....
###
#.##.................#
#.#
#.#####.##.###.####.##
#.# #...#@{.##.#
#........
#.#################.#
######... #........#
#.# #... ########.# #.#
#### #.##########.#
#............#
##############


There were no monsters in sight!

Vanquished Creatures
  Grinder (D:3)
  An ogre (D:5)
  A phantom (D:4)
  2 scorpions (D:4)
  A water moccasin skeleton (D:5)
  2 crimson imps (D:5)
  Crazy Yiuf (D:2)
  2 orc wizards (D:4)
  Natasha (thrice) (D:4)
  2 worker ants
  A hound zombie (D:5)
  A hound skeleton (D:4)
  A worker ant zombie (D:5)
  4 adders
  An ooze (D:5)
  A dart slug (D:3)
  3 leopard geckos
  8 orcs
  3 ball pythons
  5 giant cockroaches
  3 goblins
  3 hobgoblins
  3 jackals (D:2)
  A quokka (D:5)
  A bat (D:1)
  4 frilled lizards
  A jackal skeleton (D:4)
  2 kobolds
  4 rats
66 creatures vanquished.

Notes
Turn   | Place    | Note
-------+----------+-------------------------------------------
     0 | D:1      | NullDivider the Octopode Artificer began the quest for the Orb.
     0 | D:1      | Reached XP level 1. HP: 13/13 MP: 3/3
    89 | D:1      | Reached skill level 2 in Stealth
   248 | D:1      | Reached XP level 2. HP: 18/18 MP: 4/4
   788 | D:2      | Found a radiant altar of Vehumet.
  1138 | D:2      | Reached skill level 3 in Stealth
  1244 | D:2      | Reached XP level 3. HP: 23/23 MP: 5/5
  1638 | D:2      | Found a runed door.
  1642 | D:2      | Noticed Crazy Yiuf
  1643 | D:2      | Killed Crazy Yiuf
  1643 | D:2      | Reached XP level 4. HP: 28/28 MP: 6/6
  2199 | D:3      | Found an iron altar of Okawaru.
  2365 | D:3      | Noticed Grinder
  2379 | D:3      | Killed Grinder
  2379 | D:3      | Reached skill level 5 in Stealth
  2379 | D:3      | Reached XP level 5. HP: 34/34 MP: 6/8
  2379 | D:3      | Reached XP level 6. HP: 39/39 MP: 6/9
  2628 | D:3      | Found a white marble altar of Elyvilon.
  2629 | D:3      | Found a sacrificial altar of Ru.
  2645 | D:4      | Noticed Natasha
  2650 | D:4      | Killed Natasha
  2668 | D:4      | Found Uddiut's Book Shop.
  2700 | D:4      | Found Jut Uxag's Antique Weapon Boutique.
  2787 | D:4      | Noticed a phantom
  2812 | D:4      | Reached skill level 6 in Stealth
  2812 | D:4      | Reached XP level 7. HP: 12/45 MP: 10/10
  3035 | D:4      | Noticed Natasha
  3040 | D:4      | Killed Natasha
  3053 | D:4      | Found Gatit's Gadget Boutique.
  3054 | D:4      | Found Kuplioff's Antique Weapon Shop.
  3114 | D:4      | Found a shadowy altar of Dithmenos.
  3119 | D:4      | Found a staircase to the Ecumenical Temple.
  3128 | Temple   | Entered the Ecumenical Temple
  3241 | Temple   | Became a worshipper of Nemelex Xobeh the Trickster
  3267 | D:4      | Received a gift from Nemelex Xobeh
  3360 | D:4      | Noticed Natasha
  3369 | D:4      | Killed Natasha
  3749 | D:5      | Entered Level 5 of the Dungeon
  3769 | D:5      | Reached skill level 7 in Stealth
  3769 | D:5      | Reached skill level 5 in Evocations
  3876 | D:5      | Reached XP level 8. HP: 52/52 MP: 11/11
  3987 | D:5      | Noticed Meriano's ghost (novice HuCj)
  4030 | D:5      | Slain by Meriano's ghost

Skill      XL: |  1  2  3  4  5  6  7 |
---------------+----------------------+-----
Stealth        | 2 3 5 6 7 |  7.7
Fighting       | 2 3 |  3.3
Short Blades   | 2 3 |  3.4
Dodging        | 3 |  3.9
Evocations     | 4 5 |  5.3

Action                   |  1- 3 |  4- 6 |  7- 9 || total
-------------------------+-------+-------+-------++-------
Melee: Short sword       |    13 |       |       ||    13
       Constrict         |    11 |    18 |     9 ||    38
       Tentacles         |     5 |    16 |    15 ||    36
       Dagger            |    43 |    65 |    77 ||   185
Evoke: Wand              |       |     8 |    16 ||    24
       Deck              |       |       |     2 ||     2
  Use: Scroll            |       |       |     2 ||     2
       Potion            |       |       |     2 ||     2
 Stab: Sleeping          |    14 |     4 |     9 ||    27
       Confused          |       |     1 |       ||     1
       Distracted        |       |     1 |       ||     1
       Paralysed         |       |       |     1 ||     1
  Eat: Chunk             |     2 |     4 |     4 ||    10
Armor: Skin              |     1 |     1 |    21 ||    23
Dodge: Dodged            |    26 |    26 |    21 ||    73
